 Dungeon Crawl Stone Soup version 0.27.1-4-g1640c2035a (webtiles) character file.

Game seed: 6843239129331098255

5152 adizb the Grappler (level 10, -7/98 HPs)
             Began as a Troll Hunter on Nov 15, 2021.
             Was a Believer of the Shining One.
             Mangled by a boulder beetle (20 damage)
             ... on level 8 of the Dungeon.
             The game lasted 00:36:06 (6115 turns).

adizb the Grappler (Troll Hunter)                   Turns: 6115, Time: 00:36:06

Health: -7/98      AC:  4    Str: 25    XL:     10   Next: 33%
Magic:  9/9        EV: 12    Int:  7    God:    the Shining One [**....]
Gold:   470        SH:  0    Dex: 16    Spells: 9/9 levels left

rFire    . . .     SeeInvis .     - Unarmed
rCold    . . .     Faith    .   (no shield)
rNeg     + . .     Spirit   .   b - +0 robe
rPois    +         Reflect  .   (helmet restricted)
rElec    .         Harm     .   (no cloak)
rCorr    .         Rampage  .   (gloves unavailable)
Will     .....                  (boots unavailable)
Stlth    +.........             y - amulet of regeneration
HPRegen  2.26/turn              i - +6 ring of dexterity
MPRegen  0.11/turn              p - ring of poison resistance

@: on berserk cooldown, slowed, glowing, very slow
A: large, unfitting armour, claws 3, regeneration 1, shaggy fur 1, tough skin 1
a: Renounce Religion, Divine Shield


You were on level 8 of the Dungeon.
You worshipped the Shining One.
The Shining One was pleased with you.
You visited 2 branches of the dungeon, and saw 9 of its levels.

You collected 470 gold pieces.

Inventory:

Missiles
 l - 319 stones (quivered)
 m - 43 poisoned darts
 q - 7 datura-tipped darts
Armour
 b - a +0 robe (worn)
Jewellery
 d - a ring of fire
 f - a ring of wizardry
 i - a +6 ring of dexterity (left claw)
 p - a ring of poison resistance (right claw)
 y - an amulet of regeneration (around neck)
Wands
 o - a wand of flame (8)
 s - a wand of digging (1)
Scrolls
 a - 3 scrolls of enchant weapon
 e - a scroll of fear
 j - 2 scrolls of amnesia {unknown}
 n - 2 scrolls of immolation {unknown}
 x - a scroll of magic mapping {unknown}
Potions
 g - 2 potions of might {unknown}
 h - 3 potions of lignification {unknown}
 k - 2 potions of curing {unknown}
 r - a potion of cancellation
 u - 2 potions of flight
 v - a potion of mutation {unknown}
 w - 3 potions of resistance


   Skills:
 + Level 5.9 Fighting
 + Level 7.3 Throwing
 - Level 0.4 Armour
 + Level 5.9 Dodging
 - Level 0.3 Stealth
 * Level 9.7 Unarmed Combat


You had 9 spell levels left.
You didn't know any spells.
Your spell library contained the following spells:

 Spells                   Type           Power      Damage    Failure   Level
 Animate Skeleton         Necr           0%         N/A       43%         1
 Apportation              Tloc           0%         N/A       43%         1
 Corona                   Hex            0%         N/A       43%         1
 Summon Small Mammal      Summ           0%         N/A       43%         1
 Passwall                 Tmut/Erth      0%         N/A       56%         2
 Gell's Gravitas          Tloc           0%         N/A       80%         3
 Ignite Poison            Fire/Tmut/Pois 0%         N/A       80%         3
 Mephitic Cloud           Conj/Pois/Air  0%         N/A       80%         3
 Swiftness                Air            0%         N/A       80%         3
 Teleport Other           Tloc           0%         N/A       80%         3
 Bolt of Magma            Conj/Fire/Erth 0%         4d4       100%        5
 Dispersal                Tloc           0%         N/A       100%        6
 Invisibility             Hex            0%         N/A       100%        6


Dungeon Overview and Level Annotations

Branches:
Dungeon (8/15)             Temple (1/1) D:4            Lair (0/6) D:8

Altars:
Cheibriados
Dithmenos
Elyvilon
Gozag
Hepliaklqana
Kikubaaqudgha
Makhleb
Nemelex Xobeh
Okawaru
Qazlal
Sif Muna
Trog
Uskayaw
Vehumet
Wu Jian
Xom
Yredelemnul
Zin
The Shining One
Jiyva

Shops:
D:4 (

Annotations:
D:7 Prince Ribbit


Innate Abilities, Weirdness & Mutations

You are too large for most types of armour.
You have claws for hands.
Your natural rate of healing is unusually fast.
You are covered in fur. (AC +1)
You have tough skin. (AC +1)


Message History

The boulder beetle leaps!
u - 2 potions of flight (gained 1) Throw: 2 large rocks
Press: ? - help, Q - select action, (/) - cycle Shift-Dir - straight line, f - boulder beetle
Aim: a boulder beetle (moderately wounded, 91% to hit)
You throw a large rock.
The large rock hits the boulder beetle but does no damage.
The boulder beetle is moderately wounded.
Throw: large rock
Press: ? - help, Q - select action, (/) - cycle Shift-Dir - straight line, f/p - boulder beetle
Aim: a boulder beetle (moderately wounded, haloed, 97% to hit)
You throw a large rock. The large rock hits the boulder beetle.
The boulder beetle is moderately wounded.
The boulder beetle curls into a ball and begins rolling!
The boulder beetle hits you!!
* * * LOW HITPOINT WARNING * * *
The boulder beetle stops rolling and uncurls.
You claw the boulder beetle!
The boulder beetle is heavily wounded.
The boulder beetle bites you!
* * * LOW HITPOINT WARNING * * *
You claw the boulder beetle!
The boulder beetle is severely wounded.
The boulder beetle bites you.
* * * LOW HITPOINT WARNING * * *
The boulder beetle barely misses you.
You claw the boulder beetle!
The boulder beetle is almost dead.
The boulder beetle bites you!
* * * LOW HITPOINT WARNING * * *
You claw the boulder beetle!
The boulder beetle is almost dead.
The boulder beetle barely misses you.
You scratch the boulder beetle but do no damage.
The boulder beetle is almost dead.
The boulder beetle barely misses you.
You scratch the boulder beetle but do no damage.
The boulder beetle is almost dead.
The boulder beetle bites you!!
You die...

#.# #....##..... ##......)....#
#.###.###...#.... ########.######
...##............. ..............
...'..#.#......#.#########......#
...#....##....##.# #......#
####.#<.#......#+####### #......#
.....####....:.........# #......#
.......................###......#
.....####### #..@...............#
.....#....####..B......##.......#
..[.....#.##...(.########.......#
........#.##.#.#.# #.####..#
........+.)..#(#+###### #.#####.#
........#.....†.......# #.......#
#####........##.......########..#
#...................†..# #...
#........##....##.####.###...


You could see a boulder beetle.

Vanquished Creatures
  A two-headed ogre (D:8)
  The ghost of WaxSun the Firebug, a novice OgFE of Hepliaklqana (D:8)
  A slime creature (D:8)
  A vampire (D:7)
  A steam dragon (D:8)
  3 water moccasins
  An orc warrior (D:6)
  2 black bears
  2 sky beasts
  2 necrophages
  A centaur (D:8)
  4 ogres
  2 kobold brigands
  A gnoll sergeant (D:8)
  A scorpion (D:4)
  2 water moccasin zombies (D:5)
  9 killer bees (D:8)
  2 water moccasin skeletons (D:6)
  3 howler monkeys
  An electric eel (D:7)
  A bullfrog zombie (D:7)
  3 centaur zombies
  3 orc priests
  A hound (D:4)
  9 jellies
  Terence (D:2)
  3 iguanas
  3 orc wizards
  19 gnolls
  3 adders
  4 white imps
  A dart slug (D:5)
  13 orcs
  3 bats
  3 endoplasms
  2 giant cockroaches (D:1)
  7 goblins
  6 hobgoblins
  4 jackals
  47 kobolds
  4 ball pythons
  A frilled lizard (D:1)
  4 rats
186 creatures vanquished.

Notes
Turn   | Place    | Note
-------+----------+-------------------------------------------
     0 | D:1      | adizb the Troll Hunter began the quest for the Orb.
     0 | D:1      | Reached XP level 1. HP: 19/19 MP: 0/0
   180 | D:1      | Reached XP level 2. HP: 28/28 MP: 1/1
   402 | D:1      | Reached skill level 1 in Unarmed Combat
   547 | D:2      | Reached XP level 3. HP: 35/35 MP: 2/2
   750 | D:2      | Noticed Terence
   765 | D:2      | Killed Terence
  1176 | D:3      | Reached skill level 2 in Unarmed Combat
  1177 | D:3      | Reached XP level 4. HP: 42/42 MP: 3/3
  1328 | D:3      | Noticed a kobold brigand
  1331 | D:3      | Killed a kobold brigand
  1332 | D:3      | Reached skill level 3 in Unarmed Combat
  1332 | D:3      | Reached XP level 5. HP: 50/50 MP: 4/4
  1452 | D:3      | Reached XP level 6. HP: 50/59 MP: 5/5
  1723 | D:3      | Found a faded altar of an unknown god.
  1849 | D:3      | Found a glowing silver altar of Zin.
  1890 | D:3      | Found an opulent altar of Gozag.
  2252 | D:4      | Reached skill level 4 in Unarmed Combat
  2287 | D:4      | Reached XP level 7. HP: 61/67 MP: 6/6
  2567 | D:4      | Found a staircase to the Ecumenical Temple.
  2578 | Temple   | Entered the Ecumenical Temple
  2637 | Temple   | Became a worshipper of the Shining One
  2717 | D:4      | Found Ufoguh's Antique Weapon Boutique.
  3049 | D:5      | Entered Level 5 of the Dungeon
  3070 | D:5      | Reached skill level 5 in Throwing
  3070 | D:5      | Reached skill level 5 in Unarmed Combat
  3298 | D:5      | Reached XP level 8. HP: 61/76 MP: 7/7
  3508 | D:5      | Reached skill level 6 in Unarmed Combat
  3578 | D:5      | Identified the +9 flail of Punishment {freeze, Will+ rCorr
                  | Str-4 Dex+2}
  3803 | D:6      | Found a shimmering altar of Xom.
  3816 | D:6      | Found a snail-covered altar of Cheibriados.
  3943 | D:6      | Reached * piety under the Shining One
  3954 | D:6      | Reached skill level 7 in Unarmed Combat
  4305 | D:6      | Found a white marble altar of Elyvilon.
  4572 | D:7      | Reached XP level 9. HP: 66/85 MP: 8/8
  4923 | D:7      | Reached skill level 8 in Unarmed Combat
  4993 | D:7      | Found a hazy altar of Hepliaklqana.
  5064 | D:7      | Found a basalt altar of Yredelemnul.
  5079 | D:7      | Reached skill level 5 in Dodging
  5277 | D:7      | Noticed Prince Ribbit
  5382 | D:8      | Reached skill level 5 in Fighting
  5852 | D:8      | Reached ** piety under the Shining One
  5921 | D:8      | Found a runed translucent gate.
  5921 | D:8      | Found a runed translucent gate.
  5921 | D:8      | Found a runed translucent gate.
  5923 | D:8      | Noticed WaxSun's ghost (novice OgFE)
  5925 | D:8      | Found a viscous altar of Jiyva.
  5961 | D:8      | Killed WaxSun's ghost
  5962 | D:8      | Reached skill level 9 in Unarmed Combat
  5962 | D:8      | Reached XP level 10. HP: 48/96 MP: 9/9
  6035 | D:8      | Found a staircase to the Lair.
  6081 | D:8      | Noticed a two-headed ogre
  6081 | D:8      | Noticed a boulder beetle
  6098 | D:8      | Killed a two-headed ogre
  6115 | D:8      | Mangled by a boulder beetle

Illustrated notes

Levels and vault maps discovered:
D:1:      amcnicky_arrival_underground_garden, layout_basic,
          hangedman_feature_mirror
D:2:      layout_loops_ring, serial_glass, glass_columns_a, glass_columns_a,
          uniq_terence
D:3:      minmay_goblin_kobold_castle, layout_loops_ring,
          pdpol_temple_overflow_zin_treasury_gozag_greed,
          ebering_ecumenical_altar_petrified, chequers_serial_rivers_micro_d,
          minmay_surrounded
D:4:      layout_loops_corners, minmay_temple_entry_mist, serial_shops,
          shop_statue, grunt_ministairs_9, minmay_goblin_outpost
D:5:      layout_gridville, eino_small_chamber_without_monster,
          grunt_decor_resistance
D:6:      layout_layer_cave, mainiacjoe_overflow_six_doors_small,
          grunt_temple_overflow_open
D:7:      layout_cave_pods, mainiacjoe_overflow_24_doors, grunt_ministairs_3,
          kennysheep_big_empty_room, minmay_misc_feat_pillars,
          kennysheep_small_circle, uniq_prince_ribbit1
D:8:      layout_basic, lair_entry_dummy, gammafunk_ghost_ooze
Temple:   cyrus_circular_temple

Skill      XL: |  1  2  3  4  5  6  7  8  9 10 |
---------------+-------------------------------+-----
Unarmed Combat | 1 2 3 4 5 7 9 |  9.7
Fighting       | 2 3 4 5 |  5.9
Dodging        | 2 3 4 5 |  5.9
Throwing       | 4 5 6 7 |  7.3
Armour         | |  0.4
Stealth        | |  0.3

Action                   |  1- 3 |  4- 6 |  7- 9 | 10-12 || total
-------------------------+-------+-------+-------+-------++-------
Melee: Unarmed           |    32 |    95 |   251 |    42 ||   420
       Short sword       |     2 |       |       |       ||     2
       Punch             |     1 |     1 |    15 |     1 ||    18
Throw: Large rock        |    14 |    40 |    31 |     4 ||    89
       Throwing net      |       |       |     6 |       ||     6
       Stone             |       |       |    21 |       ||    21
  Use: Scroll            |       |     3 |     5 |       ||     8
       Potion            |       |       |     3 |     1 ||     4
 Stab: Sleeping          |       |     1 |       |       ||     1
       Held in net/web   |       |       |     2 |       ||     2
Armor: Robe              |     9 |    40 |    40 |     1 ||    90
Dodge: Dodged            |    18 |    76 |   113 |    22 ||   229
